 Dungeon Crawl Stone Soup version 0.25.0-11-g1f837a7 (webtiles) character file.

Game seed: 12051327980943649765

112 Icepheonix32 the Gusty (level 4, -1/24 HPs)
             Began as a Tengu Air Elementalist on June 26, 2020.
             Slain by a river rat (9 damage)
             ... on level 3 of the Dungeon.
             The game lasted 00:05:28 (2382 turns).

Icepheonix32 the Gusty (Tengu Air Elementalist)     Turns: 2382, Time: 00:05:28

Health: -1/24      AC:  3    Str:  8    XL:     4   Next: 93%
Magic:  1/9        EV: 12    Int: 16    God:
Gold:   99         SH:  0    Dex: 15    Spells: 8/9 levels left

rFire    . . .     SeeInvis .   h - +0 spear
rCold    + . .     Gourm    .   (no shield)
rNeg     . . .     Faith    .   d - +0 leather armour
rPois    .         Spirit   .   (helmet restricted)
rElec    .         Reflect  .   (no cloak)
rCorr    .         Harm     .   (no gloves)
MR       .....                  (boots unavailable)
Stlth    +.........             (no amulet)
HPRegen  0.08/turn              m - ring of protection from cold
MPRegen  0.11/turn              (no ring)

@: very slow
A: beak, talons 3
a: no special abilities


You were on level 3 of the Dungeon.
You were not hungry.

You visited 1 branch of the dungeon, and saw 3 of its levels.

You collected 99 gold pieces.

Inventory:

Hand Weapons
 g - a +0 dagger
 h - a +0 spear (weapon)
Missiles
 q - 19 poisoned darts (quivered)
Armour
 a - a +0 robe
 d - a +0 leather armour (worn)
Jewellery
 m - a ring of protection from cold (left hand)
 r - a +6 ring of intelligence {unknown}
 s - an uncursed ring of magical power {unknown}
Wands
 o - a wand of polymorph (4)
Scrolls
 e - 2 scrolls of remove curse
 f - a scroll of teleportation
 i - a scroll of blinking
 u - a scroll of noise {unknown}
Potions
 b - a potion of degeneration
Comestibles
 c - 4 rations
 t - 2 chunks of flesh


   Skills:
 + Level 0.8 Fighting
 + Level 1.0 Polearms
 + Level 1.2 Armour
 + Level 2.4 Dodging
 - Level 2.0 Stealth
 * Level 3.0 Spellcasting
 + Level 2.0 Conjurations
 * Level 5.2 Air Magic


You had 8 spell levels left.
You knew the following spells:

 Your Spells              Type           Power        Failure   Level  Hunger
a - Shock                 Conj/Air       ##..         6%          1    #......

Your spell library contained the following spells:

 Spells                   Type           Power        Failure   Level  Hunger
 Swiftness                Chrm/Air       ##......     14%         2    ##.....
 Static Discharge         Conj/Air       ##......     19%         3    ###....
 Airstrike                Air            ###.......   30%         4    #####..
 Lightning Bolt           Conj/Air       ##........   86%         5    ######.


Dungeon Overview and Level Annotations

Branches:
Dungeon (3/15)

Altars:
Fedhas


Innate Abilities, Weirdness & Mutations

You have a beak for a mouth.
You have claws for feet.


Message History

You are too injured to fight recklessly!
You are too injured to fight recklessly!
You are too injured to fight recklessly!
You are too injured to fight recklessly!
You are too injured to fight recklessly!
You are too injured to fight recklessly!
You are too injured to fight recklessly!
You are too injured to fight recklessly!
You are too injured to fight recklessly!
You are too injured to fight recklessly!
You are too injured to fight recklessly!
You are too injured to fight recklessly!
Unknown command.
You closely miss the river rat.
You claw the river rat, but do no damage.
The river rat is lightly wounded.
The river rat completely misses you. The river rat closely misses you.
The river rat bites you!
You die...

####
#####...#
#≈≈≈#...##
#≈#r#≈...#
#≈#@#≈...#
≈≈#≈≈≈≈..#
##≈#≈#≈.$.##
≈≈#≈≈≈....###
###≈#.......#
#≈≈≈.....#
###≈≈......#
#.........##
#.........#


You could see a river rat.

Vanquished Creatures
  Jessica (D:2)
  A river rat (D:3)
  3 adders
  3 worms (D:3)
  3 leopard geckos
  2 orcs (D:3)
  4 bats
  2 giant cockroaches (D:1)
  8 goblins
  2 hobgoblins
  A quokka (D:2)
  3 frilled lizards
  3 kobolds
  2 rats (D:2)
38 creatures vanquished.

Notes
Turn   | Place    | Note
-------+----------+-------------------------------------------
     0 | D:1      | Icepheonix32 the Tengu Air Elementalist began the quest for
                  | the Orb.
     0 | D:1      | Reached XP level 1. HP: 10/10 MP: 4/4
   504 | D:1      | Reached XP level 2. HP: 3/15 MP: 1/6
  1220 | D:2      | Reached XP level 3. HP: 9/19 MP: 1/7
  1595 | D:2      | Noticed Jessica
  1599 | D:2      | Killed Jessica
  1667 | D:2      | Found a blossoming altar of Fedhas.
  1721 | D:2      | Reached XP level 4. HP: 24/24 MP: 7/9
  2121 | D:3      | Reached skill level 1 in Armour
  2250 | D:3      | Reached skill level 5 in Air Magic
  2354 | D:3      | Reached skill level 1 in Polearms
  2382 | D:3      | Slain by a river rat

Illustrated notes

Levels and vault maps discovered:
D:1:      minmay_arrival_three_doors, layout_rooms, nrook_mini_vaults
D:2:      layout_loops_ring, fedhas_altar_2, first_ration,
          minmay_misc_feat_enclosed, uniq_jessica
D:3:      layout_rooms, lemuel_doored_altar, nicolae_overflow_hidden_temple,
          lightli_sewer_entry_pipes, nrook_uturn

Skill      XL: |  1  2  3  4 |
---------------+-------------+-----
Armour         | 1 |  1.2
Air Magic      | 5 |  5.2
Polearms       | 1 |  1.0
Spellcasting   | 3 |  3.0
Conjurations   | 2 |  2.0
Fighting       | |  0.8
Dodging        | |  2.4
Stealth        | |  2.0

Action                   |  1- 3 |  4- 6 || total
-------------------------+-------+-------++-------
Melee: Spear             |    39 |    23 ||    62
       Kick              |     6 |     2 ||     8
       Unarmed           |     4 |       ||     4
       Peck              |     7 |     1 ||     8
 Cast: Shock             |    34 |    41 ||    75
  Use: Potion            |       |     5 ||     5
       Scroll            |       |     4 ||     4
 Stab: Sleeping          |     1 |       ||     1
  Eat: Chunk             |     2 |       ||     2
       Ration            |       |     1 ||     1
Armor: Leather armour    |    11 |     8 ||    19
Dodge: Dodged            |    28 |    21 ||    49
